[Event "*** Titled Tuesday Blitz"]
[Site "Chess.com"]
[Date "2021.02.09"]
[Round "1"]
[White "Yurovskykh_Oleksandr"]
[Black "WonderChampion"]
[Result "1-0"]
[WhiteElo "2483"]
[BlackElo "2058"]
[TimeControl "180+1"]
[EndTime "10:08:30 PST"]
[Termination "Yurovskykh_Oleksandr won by resignation"]

1. d4 d5 2. Bf4 Nf6 3. e3 e6 4.
Nf3 c5 5. c3 Nc6 6. Nbd2 Be7 7.
Bd3 O-O 8. Qe2 a6 9. Rd1 c4 10. Bb1 b5 11. e4 b4 12. e5 Nd7 13.
h4 h6 14. Qe3 bxc3 15. bxc3 f6 16. exf6 Nxf6 17. g3 Ng4 18. Qe2 Bd6 19. Bxd6 Qxd6 20. O-O e5 21. dxe5 Ncxe5 22. Nxe5 Nxe5 23. f4 Qc5+ 24. Qf2 Qxf2+ 25. Rxf2 Ng4 26. Re2 Bf5 27. Bxf5 Rxf5 28. Nf3 Rd8 29. Nd4 Rf6 30. Rb1 h5 31. Rb7 Nh6 32. Ree7 Rf7 33. Rxf7 Nxf7 34. Rb6 Ra8 35.
Kf2 a5 36. a4 Kf8 37. Rb5 Nd6 38. Rxd5 Ne4+ 39. Kf3 Nxc3 40. Rc5 Nxa4 41. Rxc4 Nb6 42. Rc6 Nd5 43. Rc5 Nf6 44. Ne6+ Kf7 45. Ng5+ Kg8 46.
Rc3 a4 47. Ra3 Nd5 48. Ne6 Nb4 49. Nc5 Nc2 50. Rxa4 Rc8 51. Nd3 Rc3 52. Ke2 Rc8 53.
Kd2 Kf7 54. Ra7+ Kg8 55. Ra5 g6 56. Rg5 Kg7 57. Ne5 Rd8+ 58. Kxc2 Rd6 59. Rxg6+ Rxg6 60. Nxg6 Kxg6 61. Kd3 Kf5 62. Ke3 Kg4 63. Kf2 Kf5 64. Kf3 Kf6 65. g4 hxg4+ 66. Kxg4 Kg6 67. h5+ Kh6 68. Kh4 Kg7 69. Kg5 Kh7 70. f5 Kg7 71.
f6+ Kf7 72. Kf5 1-0

[Event "*** Titled Tuesday Blitz"]
[Site "Chess.com"]
[Date "2021.02.09"]
[Round "1"]
[White "xberli"]
[Black "jefferyx"]
[Result "0-1"]
[WhiteElo "2462"]
[BlackElo "2990"]
[TimeControl "180+1"]
[EndTime "10:08:31 PST"]
[Termination "jefferyx won by resignation"]

1. Nf3 g6 2. g3 Bg7 3. Bg2 d6 4. O-O Nc6 5. d4 Bd7 6. a4 Qc8 7. Re1 Bh3 8. Bh1 h5 9. d5 Ne5 10. Nbd2 Ng4 11. Ng5 h4 12. Nxh3 hxg3 13. hxg3 Rxh3 14. Bg2 Rxg3 15. Ne4 Rxg2+ 16. Kxg2 Qd7 17.
Ng3 O-O-O 18. e4 N8f6 19. Rh1 e6 20.
Bg5 Re8 21. dxe6 Qxe6 22. Qf3 Nd7 23. Qb3 Qxb3 24. cxb3 Bxb2 25. Rab1 Bd4 26. Rbf1 Nc5 27. f3 Ne3+ 28. Bxe3 Bxe3 29. Rb1 Kd7 30. Rh7 Re7 31. Ne2 Bd2 32. Nd4 a5 33. Kf2 c6 34. Ke2 Bc3 35.
Nc2 d5 36. Ne3 dxe4 37. fxe4 Nxe4 38. Kd3 Bb4 39. Nc4 Kc7 40. Kc2 Nc5 41. Rf1 Kb8 42.
Rfxf7 Re2+ 43. Kd1 Re1+ 44. Kc2 Rg1 45. Rh8+ Ka7 46. Rff8 Rg2+ 47. Kd1 Rg1+ 48. Ke2 Re1+ 49. Kf3 Rf1+ 50. Kg2 Rxf8 51. Rxf8 Nxb3 52. Rg8 Nc5 53. Rxg6 Nxa4 54. Rg5 Ka6 55. Kf3 Nc3 56. Ne3 a4 57. Nc2 c5 58. Ke3 a3 59. Kd3 a2 60. Na1 b5 61.
Rg6+ Ka5 62. Kc2 c4 63. Kb2 Ka4 64. Ra6+ Ba5 65. Rxa5+ Kxa5 66. Kxc3 Ka4 67. Kb2 b4 68. Kxa2 c3 69. Nb3 Kb5 70. Nc1 Kc4 71. Kb1 b3 72.
Nxb3 Kxb3 73. Kc1 c2 74. Kd2 Kb2 75. Kd3 c1=Q 0-1

[Event "*** Titled Tuesday Blitz"]
[Site "Chess.com"]
[Date "2021.02.09"]
[Round "1"]
[White "Mihnea2017"]
[Black "alexrustemov"]
[Result "0-1"]
[WhiteElo "2399"]
[BlackElo "2754"]
[TimeControl "180+1"]
[EndTime "10:08:31 PST"]
[Termination "alexrustemov won by resignation"]

1. e4 e6 2. d4 d5 3. Nd2 c5 4. exd5 Qxd5 5. Ngf3 cxd4 6. Bc4 Qd7 7. O-O Nf6 8. Nb3 a6 9. a4 Nc6 10. Qe2 Bd6 11.
Rd1 e5 12. Nbxd4 Nxd4 13. Rxd4 Qe7 14. Rxd6 Qxd6 15. b3 e4 16. Ba3 Qf4 17. Re1 Be6 18. Bxe6 fxe6 19. Nd4 Kf7 20. g3 Qe5 21. Bb2 Rhd8 22.
Qc4 Rac8 23. Qb4 Qd5 24. c4 Qd7 25. Qb6 e5 26. Nc2 Rc6 27. Qe3 Qd2 28. Re2 Qxe3 29. Nxe3 Ke6 30. Rc2 a5 31. Bc3 b6 32. Kf1 Rd3 33.
Ke2 Rd7 34. h4 h6 35. Be1 Rd8 36. Bc3 Rd3 37. Rc1 Nd7 38. Nd5 Nc5 39. Rb1 Rf3 40.
Ne3 Nd3 41. Be1 Rd6 42. Rd1 Nc5 43. Rb1 Rd3 44. b4 axb4 45. Bxb4 Nxa4 46. Be1 Rd6 47. Bb4 Rc6 48. Ra1 Nb2 49. Ra6 Nd3 50. Be1 Rf7 51.
Nd5 Rb7 52. Nb4 Rxc4 53. Nxd3 exd3+ 54. Kxd3 Rd4+ 55. Ke3 Rd6 56. Bc3 Kd5 57. Ra1 Kc4 58. Bb2 Kd5 59. Rd1+ Ke6 60. Rc1 b5 61. Rc5 Rd5 62.
Rc6+ Kf7 63. Rc8 b4 64. h5 b3 65. Rc3 Ra5 66. Rc4 Ra2 67. Bxe5 b2 68. Rf4+ Ke6 69. Re4 b1=Q 0-1

[Event "*** Titled Tuesday Blitz"]
[Site "Chess.com"]
[Date "2021.02.09"]
[Round "1"]
[White "dropstoneDP"]
[Black "Angel_Hranitel_37"]
[Result "1/2-1/2"]
[WhiteElo "2981"]
[BlackElo "2469"]
[TimeControl "180+1"]
[EndTime "10:08:32 PST"]
[Termination "Game drawn by repetition"]

1. c4 Nf6 2. Nf3 g6 3. b3 Bg7 4.
Bb2 O-O 5. g3 d6 6. d4 e5 7.
dxe5 dxe5 8. Qxd8 Rxd8 9. Bxe5 Nc6 10. Bc3 Ne4 11. Bxg7 Kxg7 12. Bg2 Nb4 13. Na3 a5 14. O-O Nc3 15. Nb5 Nxe2+ 16. Kh1 c6 17. Nc7 Ra7 18. Rae1 Nc3 19. Re7 Nd3 20. h4 Kf8 21. Re3 b6 22. Ne8 Nd1 23. Nf6 N3xf2+ 24. Kg1 Nxe3 25. Rxf2 Rd1+ 26.
Kh2 Kg7 27. Ne8+ Kf8 28. Nf6 Ng4+ 29. Nxg4 Bxg4 30. Ne5 Be6 31. Bxc6 Kg7 32. Kg2 Rc7 33.
Bf3 Rd8 34. Re2 Rc5 35. Kf2 a4 36. Nc6 Rd3 37. Nb4 Rc3 38. Nd5 Rc1 39. Nf4 axb3 40. axb3 Rc3 41. Nxe6+ fxe6 42. Rxe6 Rxb3 43. Bd5 Rc7 44.
Rd6 Re7 45. Kg2 h5 46. Be6 Rb4 47. Kf3 Rb3+ 48. Kf4 Rb1 49. Kf3 Rb3+ 50. Kf4 Kf6 51. Bd5+ Kg7 52. Be4 Rb4 53. Rxg6+ Kf7 54. Rc6 b5 55.
Bd5+ Kg7 56. Kg5 bxc4 57. Rg6+ Kh7 58. Rh6+ Kg7 59. Rg6+ Kh7 60. Rh6+ Kg7 61. Rg6+ 1/2-1/2

[Event "*** Titled Tuesday Blitz"]
[Site "Chess.com"]
[Date "2021.02.09"]
[Round "1"]
[White "capatl"]
[Black "MIJuanReyesRosa"]
[Result "1-0"]
[WhiteElo "2494"]
[BlackElo "2104"]
[TimeControl "180+1"]
[EndTime "10:08:36 PST"]
[Termination "capatl won on time"]

1. d4 c5 2. Nf3 cxd4 3. Nxd4 Nc6 4. g3 g6 5. Bg2 Bg7 6. c3 Nf6 7. O-O O-O 8. Nd2 Nxd4 9. cxd4 d5 10. b3 Bf5 11. Bb2 Rc8 12. Rc1 Qa5 13. a3 Bh6 14.
e3 Rxc1 15. Bxc1 Rc8 16. b4 Qc7 17. Nf3 Qc2 18. Ne5 Qxd1 19. Rxd1 Be4 20. Bf1 Bc2 21. Re1 Ne4 22. f3 Nd6 23. Kf2 f6 24.
Nd3 Nc4 25. Nc5 b6 26. Ne6 Bf5 27. Nf4 Bxf4 28. gxf4 b5 29. e4 dxe4 30. fxe4 Bg4 31. h3 Be6 32. d5 Bf7 33. Kf3 a6 34. Bxc4 bxc4 35. Re3 Kf8 36. Rc3 Ke8 37. Ke3 Kd7 38. Kd4 g5 39. fxg5 fxg5 40. Bxg5 Bg6 41. e5 e6 42. Rxc4 Rxc4+ 43. Kxc4 exd5+ 44. Kxd5 Bf5 45. h4 Bd3 46. Bf6 Bb5 47. Kc5 Ke6 48. Kb6 h5 49.
Ka5 Kf5 50. a4 Be2 51. Kb6 Ke6 52. Kc5 Bd3 53. b5 axb5 54. a5 b4 55. Kxb4 Ba6 56.
Kc5 Bc8 57. Kb6 Kf5 58. a6 Be6 59. Kc6 Bd5+ 60. Kxd5 Kg6 61. Ke6 Kh7 62. Kf5 Kg8 63. Kg6 Kf8 64. e6 Kg8 65. a7 1-0

[Event "*** Titled Tuesday Blitz"]
[Site "Chess.com"]
[Date "2021.02.09"]
[Round "1"]
[White "RafalBRC"]
[Black "MattyDPerrine"]
[Result "0-1"]
[WhiteElo "2058"]
[BlackElo "2483"]
[TimeControl "180+1"]
[EndTime "10:08:36 PST"]
[Termination "MattyDPerrine won by resignation"]

1. d4 Nf6 2. c4 c5 3. d5 b5 4. Qc2 bxc4 5. e4 e6 6. Bxc4 exd5 7.
exd5 d6 8. Nc3 Nbd7 9. Nf3 Nb6 10. Bb5+ Bd7 11. O-O Bxb5 12. Re1+ Be7 13. Nxb5 O-O 14.
Bg5 a6 15. Nc3 Nfxd5 16. Nxd5 Nxd5 17. Qe4 Bxg5 18. Qxd5 Bf6 19. Re2 Rb8 20. Rd1 Rxb2 21.
Rxb2 Bxb2 22. Qxd6 Qxd6 23. Rxd6 Rc8 24. Rxa6 c4 25.
Ne1 g6 26. Kf1 c3 27. Nc2 Rd8 28. Rc6 Rd1+ 29. Ne1 Ra1 30. Ke2 Rxa2 31. Kd3 Ra8 32. Nc2 Rd8+ 33. Ke3 Bc1+ 34. Kf3 Bb2 35. Ne3 Rd2 36.
g4 h6 37. h4 Kg7 38. g5 hxg5 39. hxg5 Rd4 40. Kg3 Re4 41. Kf3 Rd4 42. Kg3 Rd7 43. Kf3 Rd2 44. Kg3 Rd8 45. Kf3 Ra8 46. Kg3 Ra4 47. Nd5 Ra5 48. Nxc3 Rxg5+ 49. Kf3 Rf5+ 50. Kg3 Bc1 51. Ne2 Bg5 52. f4 Bf6 53. Kf3 Ra5 54.
Rd6 Ra3+ 55. Kg4 Ra4 56. Ng3 Be5 57. Rd3 Rxf4+ 58. Kh3 Ra4 59. Kg2 Bxg3 60. Kxg3 f5 61. Rd6 Re4 62. Rb6 Kh6 63. Kh3 Kg5 64. Kg3 Re3+ 65.
Kf2 f4 66. Rb4 Kg4 67. Kg2 g5 68. Ra4 Rb3 69. Rc4 Rb2+ 70. Kf1 Kg3 71. Rc3+ f3 72. Rc5 Rb1+ 0-1

[Event "*** Titled Tuesday Blitz"]
[Site "Chess.com"]
[Date "2021.02.09"]
[Round "1"]
[White "SanchezKelvin"]
[Black "wonderfultime"]
[Result "0-1"]
[WhiteElo "2457"]
[BlackElo "2926"]
[TimeControl "180+1"]
[EndTime "10:08:38 PST"]
[Termination "wonderfultime won by checkmate"]

1. d4 d5 2. c4 c6 3. Nf3 Nf6 4.
Nc3 a6 5. e3 Bf5 6. Qb3 Ra7 7.
c5 Nbd7 8. Nh4 Be4 9. f4 e6 10.
Nf3 Bg6 11. Be2 Be7 12. O-O O-O 13. Bd2 Ne4 14. Na4 Bh5 15. Be1 f5 16. Nb6 Nxb6 17. Ba5 Ra8 18. Bxb6 Qc8 19. Qc2 Bxf3 20. gxf3 Nf6 21.
a4 Bd8 22. Bxd8 Qxd8 23. b4 Nh5 24. Qd2 Rf6 25. Kh1 Rh6 26. Qe1 Kh8 27. Rg1 Qe7 28.
Qf2 Rg8 29. Rg5 Nf6 30. b5 a5 31. bxc6 bxc6 32. Rb1 Qc7 33. Bd3 Nd7 34. Rgg1 Rh5 35. Qb2 Rb8 36. Qg2 Rg8 37. Qb2 g5 38. fxg5 Rh3 39.
Qg2 Rh5 40. f4 Nf8 41. Qf3 Rh4 42. Rb6 Nd7 43. Rb3 Nf8 44. Rgb1 Qf7 45. Rb7 Qg6 46. Re7 h6 47. Rg1 hxg5 48. Rxg5 Qh6 49. Rxg8+ Kxg8 50. Qg3+ Rg4 51. Qf2 Qf6 52. Ra7 Ng6 53.
Ra8+ Kg7 54. Be2 Rh4 55. Ra7+ Kf8 56. Bf3 Rh6 57. Qb2 Kg8 58. Qb8+ Nf8 59. Qe5 Qg6 60. Rb7 Rh3 61. Bg2 Rh4 62. Rb2 Rg4 63. Rf2 Qh6 64. Qd6 Qh4 65. Kg1 Rg7 66. Kf1 Qg4 67. Qe5 Qd1# 0-1

[Event "*** Titled Tuesday Blitz"]
[Site "Chess.com"]
[Date "2021.02.09"]
[Round "1"]
[White "PowerThinking2650"]
[Black "Rsnr"]
[Result "0-1"]
[WhiteElo "2402"]
[BlackElo "2768"]
[TimeControl "180+1"]
[EndTime "10:08:38 PST"]
[Termination "Rsnr won by resignation"]

1. e4 c6 2. d4 d5 3. Nc3 dxe4 4. Nxe4 Bf5 5. Ng3 Bg6 6. h4 h6 7. Nf3 e6 8. h5 Bh7 9. Bd3 Bxd3 10. Qxd3 Nf6 11.
Bf4 Bd6 12. Bxd6 Qxd6 13. O-O-O Nbd7 14. Kb1 O-O 15. Qe2 a5 16. Ne5 a4 17. a3 b5 18. c3 Rac8 19. f4 Nd5 20. Ne4 Qe7 21. Qf3 Rfd8 22. g4 f5 23. gxf5 exf5 24. Ng3 Nxe5 25.
fxe5 f4 26. Nf5 Qe6 27. Qg4 Rc7 28. Rhg1 Rdd7 29. Rdf1 Rf7 30. Ne3 Nxc3+ 31. Kc1 Qxg4 32. Nxg4 Ne2+ 33. Kd2 Nxg1 34. Rxg1 Kh7 35. Kd3 f3 36. Rf1 Rf4 37. Nf2 Rd7 38. Ne4 c5 39. Ke3 Rh4 40. dxc5 Re7 41. Rxf3 Rxe5 42. Rf4 Rhxh5 43. Rf7 Rh4 44.
Rf4 Rhh5 45. c6 Re6 46. c7 Rc6 47. Rf7 Rh2 48. Nd6 Rhc2 49. c8=Q Rxc8 50. Nxc8 Rxc8 51. Rb7 Rc5 52. Kd4 Rg5 53. Ke4 h5 54. Kf4 Kh6 55.
Rb6+ g6 56. Rb8 Rf5+ 57. Kg3 Kg5 58. Rb7 h4+ 59. Kh3 Rf3+ 60. Kh2 Rb3 61. Rb6 Rxb2+ 62.
Kh3 Rb3+ 63. Kh2 Kh5 64. Rc6 g5 65. Rc8 Rxa3 66. Rh8+ Kg4 67. Rb8 Rb3 68. Rb7 Rb2+ 69. Kh1 a3 70. Ra7 a2 71. Ra4+ bxa4 0-1

[Event "*** Titled Tuesday Blitz"]
[Site "Chess.com"]
[Date "2021.02.09"]
[Round "1"]
[White "SirStrateg"]
[Black "Darius321"]
[Result "1-0"]
[WhiteElo "2576"]
[BlackElo "2271"]
[TimeControl "180+1"]
[EndTime "10:08:40 PST"]
[Termination "SirStrateg won by resignation"]

1. e4 c5 2. Nf3 g6 3. c3 Bg7 4.
d4 cxd4 5. cxd4 d5 6. exd5 Nf6 7.
Bb5+ Bd7 8. Bc4 O-O 9. Nc3 Na6 10. Bg5 Rc8 11. Qb3 Bf5 12. Bxf6 Bxf6 13. O-O Nc7 14. a4 Ne8 15. Rfe1 Nd6 16. Bf1 Qb6 17. Qxb6 axb6 18. Ne5 Rfd8 19. h3 Bc2 20. Ra3 h5 21. Re2 Bf5 22. Re1 Kg7 23. g4 hxg4 24. hxg4 Bd7 25.
f3 Bg5 26. Kg2 Bd2 27. Rd1 Bxc3 28. bxc3 Ra8 29. Rda1 Be8 30. Nc4 Nxc4 31. Bxc4 Ra5 32. Kf2 Rc8 33. Bd3 Rxd5 34. Rb1 Rd6 35. Ke3 Ra8 36.
Be4 Rxa4 37. Rxa4 Bxa4 38. Bxb7 f5 39. g5 Bc6 40. Rxb6 Bxb7 41. Rxb7 Kf7 42. c4 Ra6 43. Rd7 Ra1 44. c5 Ke6 45. Rd8 Rc1 46. Kf4 Rc4 47. Ke3 Rc1 48. f4 Rd1 49. c6 Rc1 50. d5+ Kf7 51. Kd4 e6 52. dxe6+ Kxe6 53. Rg8 Kf7 54. Rc8 Ke6 55. Rf8 Ke7 56. Rf6 Rf1 57. Ke3 Re1+ 58.
Kf2 Re4 59. Kf3 Rc4 60. Rxg6 Rc3+ 61. Ke2 Rc4 62. Ke3 Rc3+ 63. Kd4 Rf3 64. Ke5 Rc3 65. Kxf5 Rc5+ 66. Kg4 Kf7 67. Rd6 Kg7 68. Rd7+ Kg6 69.
f5+ Rxf5 70. Rg7+ Kxg7 71. Kxf5 1-0

[Event "*** Titled Tuesday Blitz"]
[Site "Chess.com"]
[Date "2021.02.09"]
[Round "1"]
[White "Dave_ChessMate"]
[Black "Vanina1989"]
[Result "0-1"]
[WhiteElo "2367"]
[BlackElo "2694"]
[TimeControl "180+1"]
[EndTime "10:08:42 PST"]
[Termination "Vanina1989 won by resignation"]

1. e4 c6 2. d4 d5 3. exd5 cxd5 4. Bd3 Nc6 5. c3 Qc7 6. Ne2 Bg4 7. O-O e6 8. Qe1 Bd6 9. f3 Bh5 10. Qh4 Bg6 11. Bxg6 fxg6 12. Bf4 Nge7 13. Na3 a6 14. Nc2 O-O 15. Bxd6 Qxd6 16. Rae1 Nf5 17. Qf4 e5 18. dxe5 Nxe5 19. Ned4 Nd3 20. Qxd6 Nxd6 21. Re6 Rad8 22. b3 Nf4 23. Re3 Rc8 24. Rfe1 g5 25. h3 h5 26. Nb4 a5 27. Nbc2 Rf7 28. Re5 Rxc3 29. Rxg5 Rd3 30. Ne6 Nxe6 31. Rxe6 Nf5 32. Re8+ Kh7 33.
Rxh5+ Kg6 34. g4 Ng3 35. Rhe5 Rfxf3 36. R5e6+ Kh7 37. g5 Ne4 38. g6+ Kh6 39. Rh8+ Kg5 40.
Ne1 Rg3+ 41. Kf1 Rd2 42. Rf8 Nf6 43. Rfxf6 gxf6 44. g7 Kf5 45. Re7 Rxa2 46. h4 Rh2 47.
Rxb7 Rxh4 48. Kf2 Rg6 49. Nf3 Rhg4 50. Rb5 Ke4 51. Nd2+ Kd4 52. Nf3+ Kc3 53. Rxd5 Kxb3 54. Rxa5 Rxg7 55. Rf5 R7g6 56. Rc5 Kb4 57. Rc8 Rc4 58. Rb8+ Kc5 59. Ke3 Kd5 60. Rd8+ Ke6 61. Ra8 Rgg4 62. Ra6+ Kf7 63. Ra7+ Kg6 64. Ra6 Rge4+ 65. Kf2 Rf4 66.
Kg3 Rg4+ 67. Kf2 Rc2+ 68. Ke3 Rc3+ 69. Ke2 Re4+ 70. Kf2 Rf4 71. Kg2 0-1

[Event "*** Titled Tuesday Blitz"]
[Site "Chess.com"]
[Date "2021.02.09"]
[Round "1"]
[White "ailime26"]
[Black "lelajavakhishvili"]
[Result "0-1"]
[WhiteElo "2093"]
[BlackElo "2489"]
[TimeControl "180+1"]
[EndTime "10:08:47 PST"]
[Termination "lelajavakhishvili won on time"]

1. e4 d6 2. d4 Nd7 3. Nc3 e5 4. Be3 Ngf6 5. Nge2 Be7 6. f3 O-O 7.
Qd2 c6 8. O-O-O b5 9. g4 b4 10. Na4 Qa5 11. b3 exd4 12. Nxd4 Ne5 13. Be2 c5 14.
Nf5 Bxf5 15. exf5 c4 16. f4 cxb3 17. axb3 Nexg4 18. Bd4 Ne4 19. Qe1 Ngf6 20. Bf3 d5 21. Rg1 Rfc8 22. Bxf6 Bxf6 23. Bxe4 dxe4 24. Qxe4 h6 25. Rd6 Kh7 26. Qg2 Rg8 27. Rd7 Qxf5 28. Rxf7 Qxf4+ 29. Kb1 Qe5 30. Qg6+ Kh8 31. Rxf6 Qxf6 32.
Qg4 a5 33. Nc5 Rad8 34. Ne6 Rd2 35. Nf4 Qc3 36. Ng6+ Kh7 37. Qf5 Qxc2+ 38. Qxc2 Rxc2 39. Kxc2 Rc8+ 40. Kb2 Re8 41. Nf4 Re4 42. Nh5 Re2+ 43. Kb1 g5 44. Nf6+ Kg6 45. Nd5 Rxh2 46. Nb6 h5 47. Nc4 g4 48. Nxa5 Kg5 49. Nc6 h4 50.
Nxb4 g3 51. Nc2 Re2 52. Nd4 Re4 53. Nf3+ Kg4 54. Nd2 Re2 55. Kc1 h3 56. Nf1 g2 57.
Nd2 Kg3 58. Nf1+ Kf2 59. Rxg2+ hxg2 60. Ng3 Kxg3 0-1

[Event "*** Titled Tuesday Blitz"]
[Site "Chess.com"]
[Date "2021.02.09"]
[Round "1"]
[White "Rodalquilar"]
[Black "DinaBelenkaya"]
[Result "0-1"]
[WhiteElo "2669"]
[BlackElo "2376"]
[TimeControl "180+1"]
[EndTime "10:08:49 PST"]
[Termination "DinaBelenkaya won by checkmate"]

1. d4 d5 2. Bf4 c5 3. e3 Nf6 4. Nf3 Nc6 5. c3 Qb6 6. Qc2 Bf5 7. dxc5 Bxc2 8. cxb6 axb6 9. Na3 Be4 10. Nb5 Rc8 11. Nbd4 Bxf3 12. Nxf3 e6 13. Bb5 Be7 14. h4 O-O 15. h5 h6 16. Ne5 Nxe5 17. Bxe5 Ne4 18.
f3 Nd6 19. Bd3 Nc4 20. Bxc4 Rxc4 21. Ke2 b5 22. a3 f6 23. Bh2 Rd8 24. Rad1 Kf7 25. g4 Bc5 26. Rd3 Bb6 27. Rhd1 Ke7 28. Bg1 Rcc8 29. R3d2 Rc4 30. Kd3 Ra8 31. Kc2 Ke8 32.
Kb3 Bc7 33. Rd4 Bb6 34. Rxc4 bxc4+ 35. Kb4 Ba5+ 36. Kb5 Bc7 37. e4 Ra5+ 38. Kb4 b6 39.
exd5 exd5 40. Bxb6 Bxb6 41. a4 Kd7 42. f4 Kc6 43.
Re1 Ra6 44. Re6+ Kd7 45. Re2 Bc7 46.
Kc5 Ra5+ 47. Kb4 Ra6 48. Kc5 Rxa4 49. Kxd5 Bxf4 50. Ke4 Bg5 51. Kf5 Kd6 52. Kg6 Ra7 53. Re4 Kd5 54. Re8 Rb7 55. Rd8+ Ke4 56. Rd4+ Kf3 57.
Rxc4 Rxb2 58. Kxg7 Re2 59. Kg6 Re4 60. Rc8 Rxg4 61. c4 Rd4 62. c5 Rc4 63. c6 Kf4 64. Kf7 f5 65. Ke6 Ke4 66. Kd7 Bf4 67. Re8+ Be5 68.
Re6 f4 69. Rxh6 f3 70. Rh7 f2 71. Rf7 Bf4 72. h6 f1=Q 73. h7 Qd1+ 74. Ke8 Rxc6 75. Re7+ Kf3 76. Rd7 Rc8+ 77. Ke7 Qe2+ 78. Kf7 Qb2 79.
Rd3+ Kg4 80. Rd6 Bg5 81. Rg6 Kf5 82. Rd6 Rc7+ 83. Ke8 Qb8+ 84. Rd8 Re7+ 85. Kf8 Qxd8# 0-1

[Event "*** Titled Tuesday Blitz"]
[Site "Chess.com"]
[Date "2021.02.09"]
[Round "1"]
[White "sorrm8thatscheckm8"]
[Black "Kale36"]
[Result "1/2-1/2"]
[WhiteElo "2554"]
[BlackElo "2261"]
[TimeControl "180+1"]
[EndTime "10:08:49 PST"]
[Termination "Game drawn - insufficient material"]

1. d4 Nc6 2. d5 Ne5 3. f4 Ng6 4.
e4 e5 5. Nf3 exf4 6. b3 Bc5 7.
Bb2 Nf6 8. Qd3 O-O 9. Nbd2 Ng4 10. Qc3 Bf2+ 11. Ke2 f6 12. h3 N6e5 13. hxg4 Nxg4 14. Nh2 Bg3 15. Nxg4 d6 16. Nf2 Re8 17. Re1 Bf5 18. Qf3 Bg6 19. Kd1 c5 20. Rh3 Qa5 21. a3 b5 22. Re2 c4 23. Nh1 Rac8 24. b4 Qc7 25. Bc3 a5 26. bxa5 Qc5 27. Bb4 Qg1 28. Nxg3 fxg3 29.
Rxg3 Qd4 30. Qc3 Qg1 31. Rge3 Bh5 32. Kc1 Bxe2 33. Rxe2 Re5 34. Kb2 Rce8 35. Re3 f5 36.
Bxc4 bxc4 37. Nxc4 Rxe4 38. Rxe4 fxe4 39. Nxd6 Rf8 40.
Qe5 Qxg2 41. Bc3 Rb8+ 42. Bb4 Qg6 43. Nf5 Qf6 44. Ne7+ Kf7 45. Qxf6+ gxf6 46. d6 e3 47. a6 Rxb4+ 48. axb4 e2 49. a7 e1=Q 50. a8=Q Qxb4+ 51. Ka2 Qxd6 52. Nc8 Qe6+ 53. c4 h5 54. Qb7+ Kg6 55.
Nb6 Qe2+ 56. Kb3 Qd1+ 57. Kb4 Qd2+ 58. Kc5 Qa5+ 59. Kc6 Qe5 60. c5 h4 61. Qc7 Qxc7+ 62. Kxc7 h3 63. c6 h2 64. Nd5 h1=Q 65. Kd6 Qc1 66. c7 Qxc7+ 67. Kxc7 f5 68. Ne7+ Kg5 69. Nxf5 1/2-1/2

[Event "*** Titled Tuesday Blitz"]
[Site "Chess.com"]
[Date "2021.02.09"]
[Round "1"]
[White "ridnani2021"]
[Black "azikom"]
[Result "1/2-1/2"]
[WhiteElo "2359"]
[BlackElo "2658"]
[TimeControl "180+1"]
[EndTime "10:08:50 PST"]
[Termination "Game drawn by agreement"]

1. e4 Nf6 2. e5 Nd5 3. d4 d6 4.
exd6 exd6 5. Nf3 Be7 6. c3 O-O 7. Be2 c6 8. O-O Bf5 9. Re1 Re8 10. Nbd2 Nd7 11. Nc4 Nf8 12. g3 h6 13. Ne3 Nxe3 14. Bxe3 Bg4 15. Nd2 Bxe2 16. Qxe2 Bg5 17.
Qf3 Bxe3 18. Rxe3 Rxe3 19. Qxe3 d5 20. Re1 Qb6 21. Nb3 a5 22. Re2 a4 23. Nc5 Qb5 24.
Qd3 Qb6 25. Qe3 Ng6 26. h4 Qb5 27. Qd3 Qb6 28. Qe3 Nf8 29. Kg2 Ng6 30. Qd3 Qc7 31. Qe3 b6 32. Nd3 a3 33. b3 Qd6 34. h5 Nf8 35. Qe7 Rd8 36. Qxd6 Rxd6 37. Re7 Re6 38. Rxe6 Nxe6 39. Nb4 Ng5 40. f3 c5 41. dxc5 bxc5 42. Nxd5 Kf8 43. Ne3 Ne6 44. Nc4 Ke7 45. Nxa3 Kd6 46.
Kf2 Nc7 47. Nc4+ Ke6 48. Ke3 Nd5+ 49. Kd3 Nf6 50. g4 Nd5 51. Nd2 f5 52. a4 fxg4 53.
fxg4 Nf6 54. Ne4 Nxg4 55. Nxc5+ Kd5 56. Ne4 Ne5+ 57. Ke3 Ng4+ 58. Kf4 Ne5 59. c4+ Kd4 60. Nd6 g5+ 61. hxg6 Nxg6+ 62. Kf5 Nh4+ 63. Kg4 Ng6 64. a5 Kc5 65. Nb5 Ne7 66. Kh5 Nc6 67. a6 Kb6 68. a7 Kb7 69. Kxh6 Na5 70. Nd4 Kxa7 71.
Kg5 Kb6 72. Kf4 Kc5 73. Ne6+ Kb4 74. c5 Kxb3 75. Ke5 Kb4 76. Kd6 Nb7+ 1/2-1/2

[Event "*** Titled Tuesday Blitz"]
[Site "Chess.com"]
[Date "2021.02.09"]
[Round "1"]
[White "Kotofeyca"]
[Black "vinniethepooh"]
[Result "1/2-1/2"]
[WhiteElo "2408"]
[BlackElo "2749"]
[TimeControl "180+1"]
[EndTime "10:08:51 PST"]
[Termination "Game drawn - insufficient material"]

1. d4 Nf6 2. c4 c6 3. Nc3 d5 4. cxd5 cxd5 5. Bf4 Nc6 6. e3 Bg4 7. f3 Bd7 8. Bd3 e6 9. h3 Nh5 10. Bh2 Qh4+ 11. Kf1 Ng3+ 12. Bxg3 Qxg3 13. Nge2 Qg5 14. Kf2 Bd6 15. Re1 h5 16. f4 Qh4+ 17. Kg1 g5 18.
Rf1 Rg8 19. Qe1 Qxe1 20. Raxe1 gxf4 21. Nxf4 Bxf4 22. Rxf4 Rg7 23. Ref1 Ke7 24. Rh4 Rag8 25. Rf2 Rg5 26. Be2 Rh8 27. Bf3 f5 28. Ne2 Be8 29. Nf4 Bf7 30. a3 Kd6 31. Rc2 Na5 32. Nd3 Nc6 33.
Kf2 Rhg8 34. Nc5 b6 35. Nd3 Be8 36. b4 a6 37. Ne1 e5 38. dxe5+ Nxe5 39. Rd4 Nxf3 40.
Kxf3 h4 41. Kf2 Bc6 42. Rxh4 d4 43. Rxd4+ Kc7 44. Rdc4 R5g6 45. g4 fxg4 46. hxg4 Kb7 47. Nd3 Bb5 48. Rc7+ Kb8 49. Ne5 Rf6+ 50. Kg3 Re8 51.
Nc6+ Bxc6 52. R7xc6 Rxe3+ 53. Kh4 Rxc6 54. Rxc6 Kb7 55.
Rc4 Rxa3 56. g5 Ra1 57. g6 Rh1+ 58. Kg5 Rh8 59. g7 Rg8 60. Kf6 b5 61. Re4 a5 62.
bxa5 Ka6 63. Kf7 Rxg7+ 64. Kxg7 Kxa5 65. Kf6 b4 66. Ke5 b3 67. Kd4 b2 68. Re1 Kb4 69.
Ke4 Kc3 70. Rb1 Kc2 71. Rxb2+ Kxb2 1/2-1/2

[Event "*** Titled Tuesday Blitz"]
[Site "Chess.com"]
[Date "2021.02.09"]
[Round "1"]
[White "j2806"]
[Black "Alohamora11"]
[Result "1/2-1/2"]
[WhiteElo "2093"]
[BlackElo "2476"]
[TimeControl "180+1"]
[EndTime "10:08:51 PST"]
[Termination "Game drawn by stalemate"]

1. e4 c5 2. Nf3 g6 3. d4 cxd4 4.
Nxd4 Nc6 5. Be3 Nf6 6. Nc3 Bg7 7.
Bc4 Qa5 8. O-O O-O 9. Bb3 d6 10. f3 Bd7 11. Nd5 Nxd5 12. exd5 Nxd4 13. Bxd4 Bxd4+ 14.
Qxd4 Rac8 15. c3 Qc5 16. Rad1 b5 17. Rfe1 Rfe8 18. Qxc5 Rxc5 19. Kf2 a5 20. a3 Kf8 21.
Rd4 Bc8 22. a4 Ba6 23. Rh4 Kg7 24. Rhe4 Rc7 25. axb5 Bxb5 26. c4 Ba6 27. Ba4 Rb8 28.
b3 Rb4 29. Ra1 Bb7 30. Re3 Kf6 31. Bb5 Bxd5 32. Rxa5 Be6 33. Ke2 Rc5 34. Kd2 Bxc4 35. bxc4 Rb2+ 36. Kd3 Rxg2 37. Re2 Rg1 38. Ra7 e5 39.
Ra6 Rd1+ 40. Ke3 Rd4 41. Rd2 Rxd2 42. Kxd2 Ke6 43. Ke3 f5 44. Ra7 d5 45. cxd5+ Kxd5 46. Bd3 h5 47. Ra6 g5 48. Rh6 Rc3 49. Rxh5 f4+ 50. Kd2 Kd4 51. Be4 Ra3 52. Rxg5 Ra2+ 53. Bc2 Ra1 54. h4 Rh1 55. h5 Rh2+ 56. Kd1 Kc3 57.
Rxe5 Rd2+ 58. Ke1 Rh2 59. Bg6 Kd4 60. Re7 Kd5 61. Rh7 Ke6 62. Rf7 Rh3 63. Rxf4 Rh2 64. Kf1 Ke5 65. Kg1 Rb2 66. Rh4 Ke6 67. h6 Rb8 68. h7 Rh8 69. Kg2 Kf6 70. Be4 Kg7 71.
Kg3 Kf6 72. Kg4 Kg7 73. f4 Rf8 74. f5 Kh8 75. Kg5 Rf6 76. Kxf6 1/2-1/2

[Event "*** Titled Tuesday Blitz"]
[Site "Chess.com"]
[Date "2021.02.09"]
[Round "1"]
[White "manmanlai1"]
[Black "hansen"]
[Result "0-1"]
[WhiteElo "2459"]
[BlackElo "2950"]
[TimeControl "180+1"]
[EndTime "10:08:55 PST"]
[Termination "hansen won by resignation"]

1. c4 Nf6 2. Nc3 e5 3. Nf3 Nc6 4. d3 Bb4 5. Bd2 O-O 6. a3 Bxc3 7. Bxc3 e4 8. Nd4 Re8 9. e3 Ne5 10. Be2 exd3 11. Bxd3 Nxd3+ 12. Qxd3 d5 13. O-O c5 14. Nf3 b6 15. Rad1 Ba6 16. Rfe1 Bxc4 17. Qc2 Ne4 18. Be5 Ng5 19. Nxg5 Qxg5 20. Bf4 Qh5 21. b3 Bb5 22. Rd2 d4 23. e4 f5 24. f3 Rad8 25. Rdd1 h6 26. a4 Ba6 27. exf5 d3 28. Qc3 Qxf5 29. Be5 Qg6 30. Re4 Bc8 31. Rxd3 Rxd3 32. Qxd3 Bf5 33. Qc4+ Be6 34. Qc3 Bf5 35. Re1 Rd8 36. Kf2 Rd3 37. Qc4+ Be6 38. Qe4 Qxe4 39. Rxe4 Bxb3 40. Bb8 Rd7 41.
a5 bxa5 42. Re5 a4 43. Rxc5 a3 44. Ra5 a2 45. Be5 g5 46. g3 Rd2+ 47. Ke3 Rxh2 48. Ke4 Re2+ 49. Kf5 Bc2+ 50. Kf6 Re3 51. f4 Rxg3 52.
Rxa7 Be4 53. Rg7+ Kf8 54. Ra7 gxf4 55. Ke6 Rg6+ 56. Bf6 f3 57. Rc7 Rxf6+ 58. Kxf6 Ke8 59. Rc8+ Kd7 60. Rc1 Bd3 61. Ra1 Kc6 62. Ke5 Bb1 63.
Kf4 Kc5 64. Kxf3 Kd5 65. Kg3 Ke5 66. Kh4 Kf6 67. Kh5 Kg7 68. Kh4 Kg6 69. Kg4 h5+ 70.
Kh4 Kh6 71. Kg3 Kg5 72. Kh3 h4 73. Kh2 Kg4 74. Kg2 h3+ 75. Kh2 Kh4 76. Kg1 Kg3 77. Kh1 h2 78. Rxa2 Be4+ 0-1